 Dungeon Crawl Stone Soup version 0.23.0-3-gf3c87f2 (webtiles) character file.

Game seed: 3840897709609292235

60 Borgoz the Vexing (level 3, -1/20 HPs)
             Began as a Deep Elf Enchanter on Feb 24, 2019.
             Slain by a bullfrog skeleton (2 damage)
             ... on level 2 of the Dungeon.
             The game lasted 00:05:18 (1836 turns).

Borgoz the Vexing (Deep Elf Enchanter)              Turns: 1836, Time: 00:05:18

Health: -1/20      AC:  4    Str:  6    XL:     3   Next: 80%
Magic:  9/9        EV: 13    Int: 19    God:
Gold:   61         SH:  0    Dex: 15    Spells: 5/8 levels left

rFire    + . .     SeeInvis +   a - +1 dagger
rCold    . . .     Gourm    .   (no shield)
rNeg     . . .     Faith    .   b - +0 robe
rPois    .         Spirit   .   (no helmet)
rElec    .         Reflect  .   (no cloak)
rCorr    .         Harm     .   p - +0 pair of gloves
MR       .....                  h - +0 pair of boots
Stlth    +++.......             i - amulet of inaccuracy (curse)
HPRegen  0.06/turn              f - ring of see invisible
MPRegen  0.11/turn              (no ring)

@: no status effects
A: talons 1, fire resistance 1, evolution 1
a: no special abilities


You were on level 2 of the Dungeon.
You were not hungry.

You visited 1 branch of the dungeon, and saw 2 of its levels.

You collected 61 gold pieces.

Inventory:

Hand Weapons
 a - a +1 dagger (weapon)
Armour
 b - a +0 robe (worn)
 h - a +0 pair of boots (worn)
 p - a +0 pair of gloves (worn)
Jewellery
 f - a ring of see invisible (left hand)
 i - a cursed amulet of inaccuracy (around neck)
Scrolls
 c - a scroll of identify
Potions
 g - a potion of cancellation {unknown}
 l - 2 potions of haste {unknown}
 n - 2 potions of ambrosia {unknown}
Comestibles
 d - 3 rations


   Skills:
 * Level 1.3 Fighting
 * Level 1.9 Short Blades
 + Level 2.8 Dodging
 + Level 4.0 Stealth
 + Level 3.3 Spellcasting
 + Level 4.4 Hexes


You had 5 spell levels left.
You knew the following spells:

 Your Spells              Type           Power        Failure   Level  Hunger
a - Corona                Hex            ###....      2%          1    None
b - Ensorcelled Hibernat  Hex/Ice        ##....       9%          2    ##.....

Your spell library contained the following spells:

 Spells                   Type           Power        Failure   Level  Hunger
 Confuse                  Hex            ###.....     7%          3    ###....
 Tukima's Dance           Hex            ###.....     7%          3    ###....
 Dazzling Spray           Conj/Hex       ##....       19%         3    ###....


Dungeon Overview and Level Annotations

Branches:
Dungeon (2/15)

Altars:


Innate Abilities, Weirdness & Mutations

You have sharp toenails.
Your flesh is heat resistant. (rF+)
You evolve.


Message History

The bullfrog skeleton hits you but does no damage.
The bullfrog skeleton closely misses you.
You hit the bullfrog skeleton.
The bullfrog skeleton is heavily damaged.
The bullfrog skeleton hits you.
* * * LOW HITPOINT WARNING * * *
You barely miss the bullfrog skeleton.
The bullfrog skeleton is heavily damaged.
The bullfrog skeleton hits you.
* * * LOW HITPOINT WARNING * * *
You closely miss the bullfrog skeleton.
The bullfrog skeleton is heavily damaged.
The bullfrog skeleton barely misses you.
You hit the bullfrog skeleton.
The bullfrog skeleton is heavily damaged.
The bullfrog skeleton hits you but does no damage.
You hit the bullfrog skeleton.
The bullfrog skeleton is severely damaged.
The bullfrog skeleton hits you.
You die...

,* ###...## *,* * ,* #...##.#
*.# ** ,* #...##.# #.#**, **
#...##<#######.#*,,
####.............Z,,.
#...........####.#*..
*****####.##.##.##### #.##..
*,,,,........##.########.....
#.#**####.##@.........w......
#####.# #.##Z##.########.##.#
......###
#....##.#........#*,*
.).,....#
#.......#.########*,*
#####.#.# #.####......)# *,*
#....# #.* #.......# *,*
###....## #,####.......# *,*
#.......###*............# *,*
#...#.....#*#####.......# *,*


You could see a bullfrog skeleton.

Vanquished Creatures
  2 adders (D:2)
  A worm (D:2)
  3 dart slugs
  2 giant cockroaches (D:1)
  7 goblins
  5 hobgoblins (D:1)
  2 bats (D:1)
  A frilled lizard (D:2)
  5 kobolds
  3 rats
31 creatures vanquished.

Notes
Turn   | Place    | Note
-------+----------+-------------------------------------------
     0 | D:1      | Borgoz the Deep Elf Enchanter began the quest for the Orb.
     0 | D:1      | Reached XP level 1. HP: 10/10 MP: 6/6
   468 | D:1      | Reached XP level 2. HP: 12/16 MP: 8/8
   476 | D:1      | Learned a level 2 spell: Ensorcelled Hibernation
   849 | D:1      | Reached skill level 1 in Fighting
  1336 | D:2      | Reached XP level 3. HP: 8/20 MP: 6/9
  1668 | D:2      | HP: 1/20 [kobold/+0 mace (6)]
  1682 | D:2      | HP: 1/20 [dart slug (1)]
  1828 | D:2      | Gained mutation: You have sharp toenails. [potion of
                  | mutation]
  1828 | D:2      | Gained mutation: You evolve. [potion of mutation]
  1828 | D:2      | Gained mutation: Your flesh is heat resistant. (rF+)
                  | [potion of mutation]
  1833 | D:2      | HP: 1/20 [bullfrog skeleton (3)]
  1836 | D:2      | Slain by a bullfrog skeleton

Skill      XL: |  1  2  3 |
---------------+----------+-----
Fighting       | 1 |  1.3
Stealth        | 4 |  4.0
Short Blades   | |  1.9
Dodging        | |  2.8
Spellcasting   | |  3.3
Hexes          | |  4.4

Action                   || total
-------------------------++-------
Melee: Dagger            ||   153
 Cast: Ensorcelled Hiber ||    16
       Corona            ||     1
  Use: Potion            ||     5
       Scroll            ||     4
 Stab: Sleeping          ||    19
  Eat: Chunk             ||     4
Armor: Robe              ||    16
Dodge: Dodged            ||    94
